Cogmind - Beta 13 @@@ ROGUE MODE // 2024.04.09 @ 22:28:35 Player: Calliope Result: Destroyed by S-10 Pest with Light Assault Rifle Performance ------------- Evolutions (0) 0 Regions Visited (3) 600 Robots Destroyed (32) 160 Value Destroyed (1044) 1044 Prototype IDs (0) 0 Alien Tech Used (0) 0 Bonus (0) 0 TOTAL SCORE: 1804 Bonus ------- None Cogmind --------- Core Integrity 0/250 Matter 265/300 Energy 200/200 System Corruption 0% Temperature Cool (0) Movement Treading (240) Ox1 Location -10/Subcaves Parts ------- > --- POWER (1) -------- Subdweller Power Source > --- PROPULSION (2) --- Light Treads Light Treads > --- UTILITY (2) ------ High-capacity Storage Unit Targeting Computer > --- WEAPON (2) ------- Makeshift Shrapnel Gun Makeshift Shrapnel Gun > --- INVENTORY (20) --- Light Treads Aluminum Leg Aluminum Leg Subdweller Optics Subdweller Optics Riot Gun Subdweller Machine Gun Rocket Launcher Scrap Shield Fragment (22) Peak State ------------ > --- POWER ------------ Subdweller Power Source > --- PROPULSION ------- Light Treads Light Treads > --- UTILITY ---------- High-capacity Storage Unit Targeting Computer > --- WEAPON ----------- Makeshift Shrapnel Gun Makeshift Shrapnel Gun > --- INVENTORY -------- Light Treads Aluminum Leg Aluminum Leg Subdweller Optics Subdweller Optics Subdweller Machine Gun Rocket Launcher Scrap Shield Fragment [Rating: 15] Favorites ----------- Power Ion Engine Engine Ion Engine Power Core Light Nuclear Core Propulsion Light Treads Treads Light Treads Utility Terrain Scanner Device Terrain Scanner Storage High-capacity Storage Unit Processor Targeting Computer Weapon Light Assault Rifle Ballistic Gun Light Assault Rifle Launcher Rocket Launcher Build | -11 -10 -10 -10 ------- Run | Yrd Mat Min Sub Slots Evolved . | . . . . Power . | . . . . Propulsion . | . . . . Utility . | . . . . Weapon . | . . . . Parts Attached 27 | 6 7 1 13 Power 6 | 1 1 1 3 Engine 5 | 1 1 . 3 Core 1 | . . 1 . Reactor . | . . . . Propulsion 4 | 2 . . 2 Treads 4 | 2 . . 2 Leg . | . . . . Wheel . | . . . . Hover . | . . . . Flight . | . . . . Utility 4 | 1 2 . 1 Device 1 | . 1 . . Storage 2 | 1 1 . . Processor 1 | . . . 1 Hackware . | . . . . Protection . | . . . . Artifact . | . . . . Weapon 13 | 2 4 . 7 Energy Gun . | . . . . Energy Cannon . | . . . . Ballistic Gun 5 | 2 . . 3 Ballistic Cannon . | . . . . Launcher 8 | . 4 . 4 Special Weapon . | . . . . Impact Weapon . | . . . . Slashing Weapon . | . . . . Piercing Weapon . | . . . . Special Melee Weapon . | . . . . Unidentified Prototypes . | . . . . Parts Lost 9 | . . . 9 Power 2 | . . . 2 Propulsion 1 | . . . 1 Utility 1 | . . . 1 Weapon 5 | . . . 5 Highest Loss Streak 2 | . . . 2 To Critical Strikes . | . . . . Average Slot Usage (%) 99 | . 99 100 97 Engine 10 | . 14 3 13 Core 3 | . . 10 . Treads 28 | . 28 28 28 Device 10 | . 13 14 6 Storage 14 | . 14 14 14 Processor 3 | . . . 7 Ballistic Gun 13 | . 14 14 12 Launcher 13 | . 13 14 13 Naked Turns . | . . . . Heaviest Build 53 | 12 49 51 53 Greatest Support 40 | 40 40 40 40 Greatest Overweight (x) 1 | . 1 1 1 Average Overweight (x) . | . . 1 1 Largest Inventory Capacity 20 | 8 20 20 20 Average Capacity 16 | 7 9 20 20 Most Carried 10 | 3 8 10 10 Average Carried 7 | 2 6 9 7 Final Capacity 20 | 8 20 20 20 Final Carried 10 | 3 8 10 9 Class Distribution -------------------- 100% | Mutant Dominant Class ---------------- Mutant | -10/Materials Mutant | -10/Mines Mutant | -10/Subcaves Resources | -11 -10 -10 -10 ----------- Run | Yrd Mat Min Sub Matter Collected 1081 | 172 373 64 472 Remotely . | . . . . Salvage Created 705 | . 260 109 336 Parts 59 | . 23 8 28 Haulers Intercepted . | . . . . Recyclers Shooed . | . . . . Parts Field Recycled . | . . . . Retrieved Matter . | . . . . Parts Self-Destructed 10 | . . . 10 Prevented . | . . . . Kills | -11 -10 -10 -10 ------- Run | Yrd Mat Min Sub Combat Hostiles Destroyed 28 | . 9 4 15 Guns 3 | . 1 . 2 AOE 25 | . 8 4 13 Classes Destroyed 8 | . 6 . 2 Builder 1 | . 1 . . Recycler 1 | . 1 . . Operator 1 | . 1 . . Watcher 1 | . 1 . . Swarmer 4 | . 3 . 1 Grunt 10 | . 6 4 . Sentry 1 | . . . 1 Subdweller 13 | . . . 13 Best Kill Streak 4 | . 4 2 2 Combat Bots Only 4 | . 4 2 2 Max Kills in Single Turn 2 | . 2 2 2 Gunslinging . | . . . . Exploded 2 | . 1 2 2 Melee . | . . . . Uniques/NPCs Destroyed . | . . . . Combat | -11 -10 -10 -10 -------- Run | Yrd Mat Min Sub Hostile Shots Fired 75 | . 27 4 44 Missed 15 | . 6 1 8 Damage Taken 1515 | . 225 64 1226 Core 250 | . 40 . 210 Absorbed by Shields . | . . . . Core Remaining (%) 100 | 100 . . . Volleys Fired 71 | . 29 4 38 Largest 2 | . 1 1 2 Hottest 48 | . 33 33 48 Shots Fired 74 | . 29 4 41 Gun 14 | . 8 . 6 Cannon . | . . . . Launcher 60 | . 21 4 35 Special . | . . . . Kinetic 14 | . 8 . 6 Thermal . | . . . . Explosive 60 | . 21 4 35 Electromagnetic . | . . . . Robot Hit Streak 12 | . 4 1 12 Robot Miss Streak 2 | . 2 1 2 Penetration Max . | . . . . Secondary Targets . | . . . . Shots Hit Robots 45 | . 16 1 28 Core Hits 56 | . 24 7 25 Critical Kills . | . . . . Critical Parts Destroyed . | . . . . Critical Strikes . | . . . . Melee Attacks . | . . . . Impact . | . . . . Slashing . | . . . . Piercing . | . . . . Sneak Attacks . | . . . . Combat Hostiles . | . . . . Follow-up Attacks . | . . . . Damage Inflicted 2990 | . 990 258 1742 Guns 190 | . 57 . 133 Cannons . | . . . . Explosions 2785 | . 918 258 1609 Melee . | . . . . Ramming 15 | . 15 . . Kinetic 190 | . 57 . 133 Thermal . | . . . . Explosive 2785 | . 918 258 1609 Electromagnetic . | . . . . Impact . | . . . . Slashing . | . . . . Piercing . | . . . . Highest Corruption . | . . . . Average Corruption . | . . . . Corruption Purged . | . . . . Corruption Blocked . | . . . . Overload Shots . | . . . . Overflow Damage 21 | . 15 . 6 Projectiles . | . . . . Explosions 21 | . 15 . 6 Melee . | . . . . Knockbacks . | . . . . Impact . | . . . . Kinetic . | . . . . Secondary . | . . . . Self-Inflicted Damage 316 | . 10 22 284 Shots 13 | . 2 1 10 Rammed 3 | . 3 . . Targets Rammed 3 | . 3 . . Kicked . | . . . . Crushed . | . . . . Highest Temperature 6 | . 6 6 . Average Temperature 3 | . 2 3 . Received Heat Transfer 222 | . 102 24 96 Siege Activations . | . . . . Robots Corrupted . | . . . . Combat Hostiles . | . . . . Parts Fried . | . . . . Impact Corruptions . | . . . . Robots Melted . | . . . . Combat Hostiles . | . . . . Parts Melted . | . . . . Heat Transferred . | . . . . Parts Sabotaged . | . . . . Parts Stolen . | . . . . Parts Stripped . | . . . . Power Chain Reactions . | . . . . Alert | -11 -10 -10 -10 ------- Run | Yrd Mat Min Sub Peak Influence 220 | . 220 79 . Initial 5 | . . 5 . Average 38 | . 59 21 . Maximum Alert Level 1 | . 1 . . Low Security (%) 98 | 100 96 100 . Level 1 1 | . 3 . . Level 2 . | . . . . Level 3 . | . . . . Level 4 . | . . . . Level 5 . | . . . . High Security . | . . . . Max Security . | . . . . Squads Dispatched 6 | . 6 . . Investigation 4 | . 4 . . Extermination . | . . . . Reinforcement 2 | . 2 . . Assault . | . . . . Garrison . | . . . . Intercept . | . . . . Searches Triggered . | . . . . Construction Impeded . | . . . . Haulers Reinforced . | . . . . Active Scanning Responses . | . . . . Cargo Convoy Interrupts . | . . . . Stealth | -11 -10 -10 -10 --------- Run | Yrd Mat Min Sub Distress Signals 1 | . 1 . . Communications Jammed . | . . . . Distress Signals . | . . . . Times Spotted 36 | . 14 4 18 Peak Tracking Total 2 | . 2 2 2 Tactical Retreats 1 | . . . 1 Traps | -11 -10 -10 -10 ------- Run | Yrd Mat Min Sub Traps Triggered 7 | . 4 . 3 Indirectly . | . . . . Trap Hack Attempts . | . . . . Triggered . | . . . . Disarmed . | . . . . Reprogrammed . | . . . . Reused . | . . . . Traps Extracted . | . . . . Installed . | . . . . Triggered . | . . . . Machines | -11 -10 -10 -10 ---------- Run | Yrd Mat Min Sub Machines Disabled 3 | . 3 . . Max in Single Turn 1 | . 1 . . Machines Repaired . | . . . . Machines Dismantled . | . . . . Machines Sabotaged . | . . . . Overloaded Fab Kills . | . . . . Hacking | -11 -10 -10 -10 --------- Run | Yrd Mat Min Sub Machines Accessed 6 | . 6 . . Terminals 5 | . 5 . . Fabricators . | . . . . Repair Stations . | . . . . Recycling Units 1 | . 1 . . Scanalyzers . | . . . . Garrison Access . | . . . . Total Hacks 13 | . 13 . . Successful 6 | . 6 . . Failed 7 | . 7 . . Catastrophic . | . . . . Database Lockouts . | . . . . Manual 11 | . 11 . . Terminals 11 | . 11 . . Fabricators . | . . . . Repair Stations . | . . . . Recycling Units 2 | . 2 . . Scanalyzers . | . . . . Garrison Access . | . . . . Terminal Hacks 1 | . 1 . . Unreport Threat 1 | . 1 . . Fabricator Hacks . | . . . . Repair Station Hacks . | . . . . Recycling Unit Hacks 1 | . 1 . . Retrieve Matter 1 | . 1 . . Scanalyzer . | . . . . Garrison Access Hacks . | . . . . Unauthorized Hacks 4 | . 4 . . Terminals 4 | . 4 . . Assimilate 1 | . 1 . . Botnet 3 | . 3 . . Fabricators . | . . . . Repair Stations . | . . . . Recycling Units . | . . . . Scanalyzers . | . . . . Garrison Access . | . . . . Data Cores Recovered . | . . . . Used . | . . . . Hacking Detections 5 | . 5 . . Full Trace Events . | . . . . Feedback Events . | . . . . Feedback Blocked . | . . . . Robot Schematics Acquired . | . . . . Robots Built . | . . . . Authchips . | . . . . Time . | . . . . Total Robot Build Rating . | . . . . Part Schematics Acquired . | . . . . Parts Built . | . . . . Authchips . | . . . . Time . | . . . . Total Part Build Rating . | . . . . Parts Repaired . | . . . . Time . | . . . . Parts Recycled . | . . . . Recycled Matter . | . . . . Retrieved Matter . | . . . . Retrieved Components . | . . . . Parts Scanalyzed . | . . . . Part Schematics Acquired . | . . . . Parts Damaged . | . . . . Bothacking | -11 -10 -10 -10 ------------ Run | Yrd Mat Min Sub Used RIF Installer . | . . . . Robots Hacked . | . . . . Non-combat . | . . . . Combat . | . . . . Robot Hacks Applied . | . . . . Relay Couplers Released . | . . . . Fabnet Peak Effective % . | . . . . Robots Rewired . | . . . . Allies Hacked . | . . . . Hacks Repelled . | . . . . Allies | -11 -10 -10 -10 -------- Run | Yrd Mat Min Sub Total Allies . | . . . . Largest Group . | . . . . Highest-Rated Group . | . . . . Highest-Rated Ally . | . . . . Total Orders . | . . . . Ally Attacks . | . . . . Total Damage . | . . . . Kills . | . . . . Allies Corrupted . | . . . . Allies Melted . | . . . . Intel | -11 -10 -10 -10 ------- Run | Yrd Mat Min Sub Robot Analysis Total . | . . . . Derelict Logs Recovered 3 | . . 2 1 Drone Launches . | . . . . Drone Recoveries . | . . . . Exploration | -11 -10 -10 -10 ------------- Run | Yrd Mat Min Sub Turns Passed 6333 | 210 1847 1615 2661 Spaces Moved 2610 | 55 975 559 1021 Core 8 | 8 . . . Treads 2602 | 47 975 559 1021 Legs . | . . . . Wheels . | . . . . Hover . | . . . . Flight . | . . . . Fastest Speed 50 | 50 160 240 240 Average Speed 211 | 144 168 240 240 Slowest Speed 240 | 160 240 240 240 Overloaded Moves . | . . . . Propulsion Burnouts . | . . . . Robots Hopped . | . . . . Cave-ins Triggered . | . . . . Exploration Rate (%) 65 | 7 98 98 60 Regions Visited 3 Branch Regions 2 Pre-discovered Areas 3 | . . 2 1 Known Exits Taken . | . . . . Unknown Exits Taken 3 | 1 1 1 . Scrap Searched 9 | . . 3 6 Spaces Dug . | . . . . Terrain Destroyed 394 | . 115 38 241 Melee . | . . . . Projectile . | . . . . AOE 394 | . 115 38 241 Terrain Rammed . | . . . . Walls Destroyed . | . . . . Machines Disabled . | . . . . Actions | -11 -10 -10 -10 --------- Run | Yrd Mat Min Sub Total 3351 | 183 1154 829 1185 Wait 615 | 120 128 263 104 Move 2607 | 54 974 558 1021 Hop . | . . . . Pick Up 20 | 3 7 2 8 Fast Attach 9 | 6 2 . 1 Attach 8 | . . . 8 Detach 1 | . 1 . . Swap 10 | . 5 1 4 Drop 7 | . 5 1 1 Fire 71 | . 29 4 38 Melee . | . . . . Ram . | . . . . Kick . | . . . . Crush 3 | . 3 . . Escape Stasis . | . . . . Rewire . | . . . . Trap . | . . . . Miscellaneous . | . . . . Route ------- -11/Scrapyard -10/Materials (discovered 4 exits: [*Mat x3] / [*Min]) -10/Mines (discovered 3 exits: [*Mat x2] / [*Sub]) -10/Subcaves (discovered 1 exit: [*Mat]) History --------- Turn | Location | Event 5 | -11/Scrapyard | Discovered new exit (range 16) 211 | -11/Scrapyard | Entered Materials 318 | -10/Materials | Build established: Mutant 329 | -10/Materials | Discovered new exit (range 15) 721 | -10/Materials | Discovered new exit (range 15) 951 | -10/Materials | Discovered new exit (range 7) 2017 | -10/Materials | Discovered new exit (range 6) 2058 | -10/Materials | Entered Mines 2222 | -10/Mines | Discovered new exit (range 7) 2317 | -10/Mines | Discovered new exit (range 8) 2336 | -10/Mines | Discovered new exit (range 10) 3072 | -10/Mines | Received a Rocket Launcher from a helpful Derelict 3191 | -10/Mines | Learned 4 Materials zone layouts 3244 | -10/Mines | Learned location of Storage (-8) 3673 | -10/Mines | Entered Subcaves 3713 | -10/Subcaves | Shifting Twisted Machinery released Sub. Beam Cannon 3782 | -10/Subcaves | Shifting Twisted Machinery released Sub. Beam Cannon 3846 | -10/Subcaves | Disturbed a concealed Subdweller 4021 | -10/Subcaves | Shifting Twisted Machinery released Battle Rifle 4845 | -10/Subcaves | Learned location of Zion (-7) 5468 | -10/Subcaves | Core integrity fell below 50% 5855 | -10/Subcaves | A swath of the cavern ceiling suddenly collapsed 5912 | -10/Subcaves | Core integrity fell below 20% 6315 | -10/Subcaves | Discovered new exit (range 9) 6334 | -10/Subcaves | Destroyed by S-10 Pest with Light Assault Rifle Last Messages --------------- 06220_ Subatomizers dissect the Battle Cannon. 06226_ Acquired Mak. Shrapnel Gun. 06230_ Subatomizers dissect the Battle Cannon. 06233_ Acquired Riot Gun. 06238_ Searching scrap... 06238_ Found Sub. Beam Cannon. 06238_ Found 17 Matter. 06239_ Acquired 17 matter. 06241_ Searching scrap... 06241_ Found Sub. Machine Gun. 06241_ Found Flamer. 06241_ Found 15 Matter. 06242_ Acquired 15 matter. 06244_ Subatomizers dissect the Battle Cannon. 06275_ 9P-OJM(R) destroyed. 06278_ 4R-5W8(R) destroyed. 06312_ Acquired 17 matter. 06315_ Acquired 26 matter. 06315_ EXIT=FOUND Map ----- +----------------------------------------------------+ | ???????##"???????## #?# # ## #????????????? | | ????????? ????????# ##?# #????????????? | | ??????????????????# ##### ##????????????? | | ??????????????????##?## ##& & ##?????????????? | | ?????????????????????# "## & # #??????????????? | | ?????????????????????##]] &&* # #??????????????? | | ?????????????????????#[|#& # #??????????????? | | ?????????????????????## ## #??????????????? | | ??????????????????????###### ##?????????????? | | ???????????????????????????## #?????????????? | | ????????????????????????????##### #?????????????? | | ???????????????????????????????## #?????????????? | | ???????????????????????????????# ##?????????????? | | ???????????????????????????????## ###????????????? | | ?????????????????###??????????### ##???????????? | | ?????????????????#"""?????????#" ##??????????? | | ?????????????????#" ?????????## #??????????? | | ?????????????????#" t?????????# ##??????????? | | ?????????????????# ?????????# #???????????? | | ?????????????????# ????????# #???????????? | | ??????????????????? s ????????# ##???????????? | | ????????????????????# s ???????##*###????????????? | | ????????????????????# ###?####=!##?????????????? | | ??????????? ####%& ### ### "##????????????? | | ??????????????# ! "&"#????????????? | | ??????????????# <@ ### ## "#???????????? | | ??????????????# ## #?###?#" #???????????? | | ??????????????????## ### #?????? ??????????? | | ??????????????????# ???## #?????? """ ?????????? | | ?????????????????# ????? #??????""### ????????? | | ????????????????# ??????# #??????? "???#???????? | | ???????????????# ??????? #???????""???????????? | | ??????????????# ????????? ????????????????????? | | ????????????? ??????????## ????????????????????? | | ????????????? ??????????????#????????????????????? | | ?????????????????????????????????????????????????? | | ?????????????????????????????????????????????????? | | ?????????????????????????????????????????????????? | | ?????????????????????????????????????????????????? | | ?????????????????????????????????????????????????? | | ?????????????????????????????????????????????????? | | ?????????????????????????????????????????????????? | | ?????????????????????????????????????????????????? | | ?????????????????????????????????????????????????? | | ?????????????????????????????????????????????????? | | ?????????????????????????????????????????????????? | | ?????????????????????????????????????????????????? | | ?????????????????????????????????????????????????? | | ?????????????????????????????????????????????????? | | ?????????????????????????????????????????????????? | +----------------------------------------------------+ Best States ------------- Heat Dissipation 25 Energy Generation 15 Energy Capacity 250 Matter Stores 300 Matter Capacity 300 Sight Range 16 Terrain Scan Range 14 Terrain Scan Density 10 Evasion (%) 40 Targeting Accuracy 5 Recoil Reduction 2 Item Schematics ----------------- None Robot Schematics ------------------ None Fabricated ------------ Nothing Alien Tech Used ----------------- None Achievements -------------- None Challenges ------------ None Game ------ Seed UtilitySwarmMeganuke Manual? 0 Play Time 00:26:20 Cumulative 8.8 hours Start 2024.04.09 @ 22:01:56 End 2024.04.09 @ 22:28:35 Sessions 1 Manual Loads 0 Difficulty Rogue Special Mode None Game No. 20 Rogue 18 Adventurer 0 Explorer 2 Win Type - Total 0 Types 0/0/0/0/0/0/0/0/0 Lore% 4 Gallery% 12 Achievement% 16 Wizard Run 0 Options --------- Layout 2 ASCII 0 Keyboard 1 Movement Vi Keybinds 0 Fullscreen 2 Font 32/SmallcapsGlow Map View 50x44 Zoom Use 1% Tactical HUD 1 Map Filters NONE Filters NONE Steam 1 RUN: 29bff66d-ad73-4398-b034-c6608cde6984